 Dungeon Crawl Stone Soup version 0.17.2-1-ge4368a0 (webtiles) character file.

0 Goblin1989 the Insei (level 1, -1/18 HPs)
             Began as a Demonspawn Monk on Nov 27, 2017.
             Slain by a giant gecko (2 damage)
             ... on level 1 of the Dungeon.
             The game lasted 00:00:11 (32 turns).

Goblin1989 the Insei (Demonspawn Monk)                Turns: 32, Time: 00:00:11

Health: -1/18      AC:  2    Str: 11    XL:     1   Next: 8%
Magic:  1/1        EV: 13    Int: 11    God:
Gold:   0          SH:  0    Dex: 15    Spells: 0 memorised, 0 levels left

rFire  . . .     SeeInvis .       - Unarmed
rCold  . . .     Clarity  .     a - +0 robe
rNeg   . . .     SustAt   .     (no shield)
rPois  .         Gourm    .     (no helmet)
rElec  .         Spirit   .     (no cloak)
rCorr  .         Warding  .     (no gloves)
rMut   .         Stasis   .     (no boots)
MR     .....                    (no amulet)
Stlth  ++........               (no ring)
                                (no ring)

@: not resistant to hostile enchantments, unstealthy
A: no striking features
a: no special abilities


You were on level 1 of the Dungeon.
You were not hungry.

You visited 1 branch of the dungeon, and saw 1 of its levels.

Inventory:

Armour
 a - a +0 robe (worn)
Comestibles
 e - a bread ration {@e1}


   Skills:
 - Level 3.0 Fighting
 - Level 2.6 Dodging
 - Level 1.7 Stealth
 + Level 3.6 Unarmed Combat


You couldn't memorise any spells.
You didn't know any spells.

Dungeon Overview and Level Annotations

Branches:
Dungeon (1/15)

Altars:


Message History

e - a bread ration Welcome, Goblin1989 the Demonspawn Monk.
Will you be the one to retrieve the fabulous Orb of Zot from the depths?
Press ? for a list of commands and other information.
Found a staircase leading out of the dungeon.
You see here 13 stones.
A rat comes into view.
You see here 7 gold pieces.
You hit the rat.
You kill the rat!
No target in view!
No target in view!
A giant gecko and a goblin come into view.
The giant gecko moves out of view.
You see here 3 scrolls labeled UKKIHO LAXISS.
A goblin is nearby!
A goblin is nearby!
A kobold comes into view. It is wielding a short sword.
The goblin shouts!
The kobold shouts!
You hit the giant gecko.
The giant gecko is moderately wounded.
The giant gecko bites you. x2
You take 2 damage, and have 16/18 hp.
You miss the giant gecko.
The giant gecko is moderately wounded.
The kobold closely misses you. The giant gecko barely misses you.
You miss the giant gecko.
The giant gecko is moderately wounded.
The goblin closely misses you. The kobold hits you but does no damage.
The giant gecko bites you.
You take 4 damage, and have 12/18 hp.
O_OOPS!!
MASSIVE DAMAGE!!
You closely miss the giant gecko.
The giant gecko is moderately wounded.
The goblin barely misses you. The kobold barely misses you.
The giant gecko bites you but does no damage.
You closely miss the giant gecko.
The giant gecko is moderately wounded.
The giant gecko bites you. The goblin barely misses you.
The kobold hits you with a short sword.
* * * LOW HITPOINT WARNING * * *
You take 4 damage, and have 8/18 hp.
O_OOPS!!
MASSIVE DAMAGE!!
Unknown command.
The giant gecko bites you.
* * * LOW HITPOINT WARNING * * *
You see here 3 scrolls labeled UKKIHO LAXISS.
You take 3 damage, and have 5/18 hp.
You closely miss the giant gecko.
The giant gecko hisses menacingly.
The giant gecko bites you.
* * * LOW HITPOINT WARNING * * *
You take 2 damage, and have 3/18 hp.
You hit the giant gecko.
The giant gecko is heavily wounded.
The giant gecko misses you.
You hit the giant gecko but do no damage.
The giant gecko is heavily wounded.
The giant gecko bites you.
* * * LOW HITPOINT WARNING * * *
You take 2 damage, and have 1/18 hp.
You closely miss the giant gecko.
The giant gecko is moderately wounded.
The giant gecko bites you.
You die...

..██████.████..█
..............█
█....██.████..█
█....██.████..█
.███....██.......█ █
.......).....█...█.███
........████.█....%...
........████.█$..█.███
...?...Kgl@........█
████.███████.██..███ █
..$....█ █........█
█.██.█████ █. █.█ █
█.█ █.█


You could see a giant gecko, a goblin and a kobold.

Vanquished Creatures
  A rat (D:1)
1 creature vanquished.

Notes
Turn   | Place    | Note
--------------------------------------------------------------
     0 | D:1      | Goblin1989 the Demonspawn Monk began the quest for the Orb.
     0 | D:1      | Reached XP level 1. HP: 18/18 MP: 1/1
    32 | D:1      | Slain by a giant gecko

Action                   || total
-------------------------++-------
Melee: Unarmed           ||    10

Vault maps used:
D:1:      dpeg_arrival_tiny_a
